[Event "Team 45 45 League T69"]
[Site "Internet Chess Club"]
[Date "2016.07.30"]
[Round "8"]
[White "bardu"]
[Black "drsigmund1"]
[Result "1-0"]
[WhiteElo "1434"]
[BlackElo "1452"]
[Opening "Dutch defense"]
[ECO "A90"]
[Time "15:32:56"]
[TimeControl "2700+45"]

1. d4 e6 2. c4 f5 3. g3 Nf6 4. Bg2 c6 5. Nf3 d5 6. O-O Bd6 7. b3 Qe7 8. Bb2 Nbd7
9. Nbd2 O-O 10. Ne5 Ne4 11. Ndf3 Ndf6 12. Nd3 Ba3 13. Nfe5 Bxb2 14. Nxb2 Qb4 15.
Nbd3 Qa3 16. Qc2 Nd7 17. Nxd7 Bxd7 18. Bxe4 fxe4 19. Ne5 Be8 20. Qd2 Qe7 21. Qe3
Bf7 22. a3 Rae8 23. b4 Rd8 24. c5 Qc7 25. Qg5 Be8 26. f3 Rf5 27. Qg4 Rxe5 28.
dxe5 Qxe5 29. fxe4 Bh5 30. Qh4 d4 31. Qxd8+ {Black resigns} 1-0

[Event "Team 45 45 League T69"]
[Site "Internet Chess Club"]
[Date "2016.07.30"]
[Round "8"]
[White "pcvan"]
[Black "Gilguli"]
[Result "0-1"]
[WhiteElo "1457"]
[BlackElo "1419"]
[Opening "Four knights: Spanish variation"]
[ECO "C48"]
[Time "15:06:49"]
[TimeControl "2700+45"]

1. e4 e5 2. Nf3 Nc6 3. Nc3 Nf6 4. Bb5 d6 5. h3 Bd7 6. d3 a6 7. Bc4 b5 8. Bb3 Na5
9. Bg5 Nxb3 10. axb3 Be7 11. O-O O-O 12. Re1 h6 13. Bh4 Nh7 14. Bg3 Ng5 15. Nd5
c6 16. Nxe7+ Qxe7 17. Qe2 f5 18. Bh2 fxe4 19. dxe4 Nxf3+ 20. gxf3 Bxh3 21. Rad1
Qg5+ 22. Bg3 Rf6 23. Qe3 Qg6 24. Kh2 Qh5 25. Rh1 Rxf3 26. Qd2 Bg4+ 27. Kg2 Qg6
28. Rhe1 Rxg3+ 29. fxg3 Bxd1 30. Qxd1 Rd8 31. Qf3 d5 32. Rd1 Rf8 33. Qe3 dxe4
34. Rd7 Qf5 35. Rd1 Qf3+ 36. Qxf3 exf3+ 37. Kf2 e4 38. Re1 Rd8 39. Rxe4 Rd2+ 40.
Kxf3 Rxc2 41. Re6 Rxb2 42. Rxc6 Rxb3+ 43. Kf4 a5 {White resigns} 0-1

[Event "Team 45 45 League T69"]
[Site "Internet Chess Club"]
[Date "2016.08.02"]
[Round "8"]
[White "Toalla"]
[Black "olivermx"]
[Result "0-1"]
[WhiteElo "1129"]
[BlackElo "1350"]
[Opening "Amar (Paris) opening"]
[ECO "A00"]
[Time "16:47:46"]
[TimeControl "2700+45"]

1. Nh3 e5 2. f4 e4 3. g3 d5 4. d3 f5 5. b3 Nf6 6. Bb2 Be7 7. dxe4 fxe4 8. c4 c6
9. cxd5 cxd5 10. Nd2 Nc6 11. Qc2 Bf5 12. e3 O-O 13. O-O-O Ng4 14. Nc4 Rc8 15. a3
b5 16. Qe2 bxc4 17. Qxc4 dxc4 18. Rxd8 Rfxd8 19. Bxc4+ Kh8 {White resigns} 0-1